 Dungeon Crawl Stone Soup version 0.20.1-1-g8b1a95d (webtiles) character file.

238 Irenicus the Grave Robber (level 5, -4/42 HPs)
             Began as a Deep Dwarf Necromancer on Nov 3, 2017.
             Killed from afar by an orc wizard (5 damage)
             ... with a puff of flame
             ... on level 3 of the Dungeon.
             The game lasted 00:10:32 (1607 turns).

Irenicus the Grave Robber (Deep Dwarf Necromancer)  Turns: 1607, Time: 00:10:33

Health: -4/42      AC:  4    Str: 11    XL:     5   Next: 78%
Magic:  1/9        EV: 12    Int: 16    God:
Gold:   84         SH:  0    Dex: 14    Spells: 4/10 levels left

rFire    . . .     SeeInvis .   m - +0 hand axe
rCold    . . .     Gourm    .   (no shield)
rNeg     . . .     Faith    .   a - +0 robe
rPois    .         Spirit   .   (no helmet)
rElec    .         Reflect  .   (no cloak)
rCorr    .         Harm     .   (no gloves)
MR       .....                  e - +1 pair of boots
Stlth    +.........             (no amulet)
Regen    0.0/turn               p - +4 ring of slaying
MPRegen  0.2/turn               q - ring of loudness (curse)

@: lethally poisoned (-4 -> -4), non-regenerating, hasted, drained, very quick
A: damage resistance, heal wounds, sense surroundings 1, no regeneration
a: Heal Wounds


You were on level 3 of the Dungeon.
You were not hungry.

You visited 1 branch of the dungeon, and saw 3 of its levels.

You collected 84 gold pieces.

Inventory:

Hand Weapons
 m - a +0 hand axe (weapon)
 t - a +0 war axe
Armour
 a - a +0 robe (worn)
 e - a +1 pair of boots (worn)
Jewellery
 i - a cursed -3 ring of dexterity {unknown}
 p - a +4 ring of slaying (left hand)
 q - a cursed ring of loudness (right hand)
 v - an uncursed ring of protection from cold {unknown}
Potions
 d - a potion of magic
 n - a potion of lignification {unknown}
 o - a potion of mutation {unknown}
 s - a potion of heal wounds {unknown}
Books
 b - a book of Necromancy

   Spells                             Type                      Level
   a - Pain                           Necromancy                   1
   b - Animate Skeleton               Necromancy                   1
   c - Vampiric Draining              Necromancy                   3
   d - Regeneration                   Charms/Necromancy            3
   e - Animate Dead                   Necromancy                   4
   f - Control Undead                 Necromancy                   4
 l - a book of Cantrips

   Spells                             Type                      Level
   a - Confusing Touch                Hexes                        1
   b - Animate Skeleton               Necromancy                   1
   c - Summon Small Mammal            Summoning                    1
   d - Apportation                    Translocation                1
Comestibles
 c - 2 bread rations
 f - 3 fruits
 g - 7 chunks of flesh
 k - 2 royal jellies
 u - a meat ration


   Skills:
 + Level 4.3(3.5) Axes
 - Level 2.1(1.4) Dodging
 - Level 2.4(1.6) Stealth
 - Level 3.1(2.3) Spellcasting
 - Level 5.2(4.3) Necromancy


You had 4 spell levels left.
You knew the following spells:

 Your Spells              Type           Power        Failure   Level  Hunger
a - Pain                  Necr           ###.         3%          1    #......
b - Animate Skeleton      Necr           N/A          3%          1    #......
c - Apportation           Tloc           #.....       21%         1    #......
e - Vampiric Draining     Necr           ###.......   10%         3    ###....


Dungeon Overview and Level Annotations

Branches:
Dungeon (3/15)

Altars:
Cheibriados


Innate Abilities, Weirdness & Mutations

You are resistant to damage.
You can heal yourself by infusing magical energy.
You passively map a small area around you.
You do not regenerate.


Message History

Confirm with . or Enter, or press ? or * to list all spells.
Aiming: Vampiric Draining
Press: ? - help, Shift-Dir - straight line, f - orc wizard
Aim: an orc wizard, wielding a dagger and wearing a robe The orc wizard is heavily wounded.
You feel life coursing into your body.
An orc wizard appears from thin air!
Reactivating autopickup.
The orc wizard points at you and mumbles some strange words.
The puff of flame hits you!
* * * LOW HITPOINT WARNING * * *
The orc wizard barely misses you.
It was a potion of haste.
You feel yourself speed up.
The orc wizard gestures at you while chanting.
The puff of flame hits you!
* * * LOW HITPOINT WARNING * * *
The orc wizard misses you. The orc hits you with a trident!
* * * LOW HITPOINT WARNING * * *
The orc wizard points at you and mumbles some strange words.
The puff of flame hits you!
You die...

.......##..............
.......##....###.#.....
*
.......##....#.#.#.....
*, *
........+..............,
.......##....(...##.. ,,
.......##...oo((o# *,*
.......(....o#'#o# **
.... .......#.#o# * , ,
...
......#.#.#@######### *
..........ooo(....... ,
###........#.####### *
#........#........,
........#........
........#........ ,
........#........
........#.#.....# , , ,
.#....##.......#


You could see 3 orc wizards and 3 orcs.

Vanquished Creatures
  2 orc priests (D:3)
  An orc wizard (D:3)
  A gnoll (D:2)
  7 adders
  2 worms (D:2)
  A dart slug (D:2)
  5 leopard geckos
  6 orcs (D:3)
  2 giant cockroaches
  3 goblins
  2 hobgoblins
  5 jackals
  A quokka (D:2)
  5 bats
  6 frilled lizards
  3 kobolds
  4 rats
56 creatures vanquished.

Vanquished Creatures (collateral kills)
  An adder (D:2)
  A giant cockroach (D:3)
  A goblin (D:2)
  A hobgoblin (D:3)
4 creatures vanquished.

Grand Total: 60 creatures vanquished

Notes
Turn   | Place    | Note
-------+----------+-------------------------------------------
     0 | D:1      | Irenicus the Deep Dwarf Necromancer began the quest for the Orb.
     0 | D:1      | Reached XP level 1. HP: 15/15 MP: 3/3
   118 | D:1      | Learned a level 1 spell: Animate Skeleton
   335 | D:1      | Reached XP level 2. HP: 14/22 MP: 0/4
   353 | D:1      | Reached skill level 5 in Necromancy
   548 | D:2      | Reached XP level 3. HP: 4/28 MP: 0/6
   563 | D:2      | Learned a level 3 spell: Vampiric Draining
   580 | D:2      | Learned a level 1 spell: Apportation
   705 | D:2      | Found a snail-covered altar of Cheibriados.
   839 | D:2      | Reached XP level 4. HP: 21/36 MP: 0/8
  1046 | D:2      | Reached skill level 1 in Axes
  1476 | D:3      | Reached XP level 5. HP: 38/42 MP: 0/9
  1607 | D:3      | HP: 1/42 [orc/trident (7)]
  1607 | D:3      | Killed from afar by an orc wizard

Skill      XL: |  1  2  3  4  5 |
---------------+----------------+-----
Necromancy     | 5 |  5.2
Spellcasting   | 2 3 |  3.1
Axes           | 3 4 |  4.3
Dodging        | |  2.1
Stealth        | |  2.4

Action                   |  1- 3 |  4- 6 || total
-------------------------+-------+-------++-------
Melee: Unarmed           |    40 |       ||    40
       Hand axe          |     4 |    62 ||    66
 Cast: Pain              |    44 |     7 ||    51
       Animate Skeleton  |     3 |     7 ||    10
       Vampiric Draining |     6 |    21 ||    27
  Use: Scroll            |     2 |     3 ||     5
       Potion            |     1 |     1 ||     2
 Stab: Sleeping          |     2 |       ||     2
  Eat: Chunk             |       |     6 ||     6
Armor: Robe              |    36 |     9 ||    45
Dodge: Dodged            |    50 |    65 ||   115
